 Dungeon Crawl Stone Soup version 0.25-a0-201-g0bb11aece9 (webtiles) character file.

Game seed: 14419224447988227888, levelgen mode: deterministic

51 floatRand the Shield-Bearer (level 3, 0/26 HPs)
             Began as an Octopode Fighter on Dec 2, 2019.
             Succumbed to an adder's poison
             ... on level 2 of the Dungeon.
             The game lasted 00:00:58 (725 turns).

floatRand the Shield-Bearer (Octopode Fighter)       Turns: 725, Time: 00:00:59

Health: 0/26       AC:  1    Str: 15    XL:     3   Next: 83%
Magic:  3/3        EV: 12    Int: 10    God:
Gold:   34         SH:  9    Dex: 12    Spells: 2/2 levels left

rFire    . . .     SeeInvis .   a - +0 flail
rCold    . . .     Gourm    .   b - +0 shield
rNeg     . . .     Faith    .   (helmet restricted)
rPois    .         Spirit   .   (no amulet)
rElec    .         Reflect  .   (no ring)
rCorr    .         Harm     .   (no ring)
MR       .....                  (no ring)
Stlth    +++.......             (no ring)
HPRegen  0.08/turn              (no ring)
MPRegen  0.08/turn              (no ring)
                                (no ring)
                                (no ring)

@: lethally poisoned (0 -> -6), very slightly contaminated, invisible
A: almost no armour, stealthy swim, amphibious, 8 rings, constrict 8, camouflage
1, gelatinous body 1
a: no special abilities


You were on level 2 of the Dungeon.
You were not hungry.

You visited 1 branch of the dungeon, and saw 2 of its levels.

You collected 34 gold pieces.

Inventory:

Hand Weapons
 a - a +0 flail (weapon)
Armour
 b - a +0 shield (worn)
Scrolls
 e - 2 scrolls of remove curse {unknown}
 f - a scroll of amnesia {unknown}
 j - a scroll of noise {unknown}
 k - 2 scrolls of identify {unknown}
Potions
 c - 2 potions of might
 i - a potion of mutation {unknown}
Comestibles
 d - 4 rations
 g - a chunk of flesh


   Skills:
 - Level 3.0 Fighting
 + Level 2.7 Maces & Flails
 - Level 3.0 Dodging
 + Level 2.6 Stealth
 + Level 3.6 Shields


You had 2 spell levels left.
You didn't know any spells.
Your spell library was empty.

Dungeon Overview and Level Annotations

Branches:
Dungeon (2/15)

Altars:


Innate Abilities, Weirdness & Mutations

You cannot wear most types of armour.
You are very stealthy in the water. (Stealth+)
You are amphibious.
You can wear up to eight rings at the same time.
You can use your tentacles to constrict eight enemies at once.
Your skin changes colour to match your surroundings (Stealth+).
Your rubbery body absorbs attacks. (AC +1, EV +1)


Message History

The adder bites you.
* * * LOW HITPOINT WARNING * * *
You block the adder's attack.
You hit the adder. Your grab misses the adder.
The adder is moderately wounded.
You block the adder's attack. The adder bites you.
* * * LOW HITPOINT WARNING * * *
You are lethally poisoned!
The adder poisons you!
You barely miss the adder. You grab the adder.
The adder is moderately wounded.
You constrict the adder.
* * * LOW HITPOINT WARNING * * *
You feel sick. You block the adder's attack.
Unknown command.
You barely miss the adder.
The adder is severely wounded.
You constrict the adder.
You kill the adder!
You die...

....# .....# ...#
......# ?.$#
.......##...#
........##..#
?........#..#
.........#..#####.
.โ‰ˆ.......#........
ยง........'@#
โ‰ˆ........')#
.โ‰ˆ.......#.#
.........#)#
.........#.#
........##.#
.......##..# .....#
#..# ...# ##..#


There were no monsters in sight!

Vanquished Creatures
  2 adders (D:2)
  An ooze (D:1)
  2 worms (D:2)
  4 goblins
  3 hobgoblins
  5 kobolds
  A quokka (D:2)
  A ball python (D:1)
  3 bats
  2 frilled lizards
  2 rats (D:1)
26 creatures vanquished.

Notes
Turn   | Place    | Note
-------+----------+-------------------------------------------
     0 | D:1      | floatRand the Octopode Fighter began the quest for the Orb.
     0 | D:1      | Reached XP level 1. HP: 16/16 MP: 1/1
   157 | D:1      | Reached skill level 1 in Stealth
   166 | D:1      | Reached XP level 2. HP: 12/21 MP: 2/2
   457 | D:2      | Reached XP level 3. HP: 15/26 MP: 3/3
   724 | D:2      | HP: 1/26 [poisoned by an adder]
   725 | D:2      | Succumbed to an adder's poison

Levels and vault maps discovered:
D:1:      dpeg_arrival_houses_and_road, layout_rooms, minmay_tiny_reverse_x
D:2:      kennysheep_big_flooded_room, layout_basic,
          chequers_ecumenical_altar_lobes, uniq_jessica,
          uniq_crazy_yiuf_cottage, uniq_robin

Skill      XL: |  1  2 |
---------------+-------+-----
Stealth        | 1 2 |  2.6
Fighting       | |  3.0
Maces & Flails | |  2.7
Dodging        | |  3.0
Shields        | |  3.6

Action                   || total
-------------------------++-------
Melee: Flail             ||    57
       Constrict         ||    17
       Tentacles         ||    11
  Use: Potion            ||     1
 Stab: Sleeping          ||     2
Armor: Skin              ||     5
Dodge: Dodged            ||    22
Block: Shield            ||    28

Table legend:
 A = Non-vault XP
 B = Vault XP
 C = Vault XP percentage of total XP
 D = Non-vault monster count
 E = Vault monster count
 F = Vault count percentage of total count
                 A         B        C        D         E       F
            +---------+---------+-------+---------+---------+-------
      Total |      58 |      16 |  21.6 |      22 |       4 |  15.4
            +---------+---------+-------+---------+---------+-------
        D:1 |      24 |       2 |   7.7 |      13 |       2 |  13.3
        D:2 |      34 |      14 |  29.2 |       9 |       2 |  18.2
            +---------+---------+-------+---------+---------+-------
